 Dungeon Crawl Stone Soup version 0.29.0-4-gdea44cf6ec (webtiles) character file.

Game seed: 16989500908442144138

21 qw the Firebug (level 2, -4/23 HPs)
             Began as a Ghoul Fire Elementalist on Aug 29, 2022.
             Slain by Terence
             ... wielding a +0 falchion
              (8 damage)
             ... on level 2 of the Dungeon.
             The game lasted 00:01:04 (1655 turns).

qw the Firebug (Ghoul Fire Elementalist)            Turns: 1655, Time: 00:01:05

Health: -4/23      AC:  2    Str: 11    XL:     2   Next: 87%
Magic:  3/3        EV: 12    Int: 10    God:
Gold:   38         SH:  0    Dex:  9    Spells: 3/4 levels left

rFire   + . .      SeeInvis .     - Unarmed
rCold   + . .      Faith    .   (no shield)
rNeg    + + +      Spirit   .   a - +0 robe
rPois   inf        Reflect  .   (no helmet)
rElec   .          Harm     .   (no cloak)
rCorr   .          Rampage  .   (no gloves)
Will    .....                   (no boots)
Stlth   ++........              (no amulet)
HPRegen 0.00/turn               g - ring of protection from cold
MPRegen 0.08/turn               f - ring of fire

@: inhibited regen
A: claws 1, cold resistance 1, negative energy resistance 3, inhibited
regeneration, torment resistance 2, devour on kill
a: no special abilities


You were on level 2 of the Dungeon.
You visited 1 branch of the dungeon, and saw 2 of its levels.

You collected 38 gold pieces.


Innate Abilities, Weirdness & Mutations

You are immune to poison.
You have sharp fingernails.
Your flesh is cold resistant. (rC+)
You are immune to negative energy. (rN+++)
You do not regenerate when monsters are visible.
You are immune to unholy pain and torment.
You thrive by killing the living.


   Skills:
 - Level 1.3 Fighting
 - Level 1.7 Dodging
 - Level 2.1 Stealth
 + Level 2.1 Unarmed Combat
 - Level 1.7 Spellcasting
 - Level 0.7 Conjurations
 - Level 2.4 Fire Magic


You had 3 spell levels left.
You knew the following spells:

 Your Spells              Type           Power      Damage    Failure   Level
a - Foxfire               Conj/Fire      24%        2x1d5     17%         1

Your spell library contained the following spells:

 Spells                   Type           Power      Damage    Failure   Level
 Scorch                   Fire           16%        2d6       19%         2
 Conjure Flame            Conj/Fire      6%         6-21      45%         3
 Inner Flame              Hex/Fire       4%         N/A       52%         3
 Flame Wave               Conj/Fire      6%         2d5       86%         4

Inventory:

Armour
 a - a +0 robe (worn)
Jewellery
 e - a ring of ice
 f - a ring of fire (right claw)
 g - a ring of protection from cold (left claw)
Potions
 d - a potion of cancellation {unknown}
 h - a potion of curing {unknown}
 i - a potion of attraction {unknown}

Dungeon Overview and Level Annotations

Branches:
Dungeon (2/15)

Altars:

Annotations:
D:2 Terence


Message History

Really abort (and waste the scroll)?
Done exploring.
1613 ||| DROPPING potion of magic.
You drop a potion of magic.
Done exploring.
(D) Dungeon
Where to? (* - list waypoints, ? - help)
What level of the Dungeon? (default 1, ? - help)
There is a stone staircase leading down here.
You climb downwards.
Found a short sword.
There is a stone staircase leading up here.
Existing waypoints: (2) D:1 Assign waypoint to what number? (0-9, D - delete waypoint) Waypoint 1 assigned to D:2.
You now have 38 gold pieces (gained 5).
Terence the Incautious comes into view.
He is wielding a +0 falchion.
Terence shouts!
You hear an angry hiss.
An adder comes into view.
Enter note:
1647 ||| Stepping ~*~*~tactically~*~*~ (stealth).
You scratch Terence but do no damage. You scratch Terence.
Terence is moderately wounded.
Terence hits you with a +0 falchion!
You barely miss Terence.
Terence is moderately wounded.
Terence closely misses you.
The adder hisses angrily.
You scratch Terence but do no damage.
Terence is moderately wounded.
Terence looks scornfully at you. Terence misses you.
You barely miss Terence.
Terence is moderately wounded.
Terence hits you with a +0 falchion!
You scratch Terence but do no damage.
Terence is moderately wounded.
Terence hits you with a +0 falchion!
You die...

.... .... ..... @....
......
############...... .
#.........@@...... ...
#.########.S......
#....#.#..<.).#........
#.....#^##.#.....###
#.#...#.# #.....#
#.#...#.# #.....# #
#.#.#.# ......# #.#.#.#
####### #.#....


You could see Terence and an adder.

Vanquished Creatures
  A dart slug (D:1)
  6 endoplasms (D:1)
  2 goblins (D:1)
  A hobgoblin (D:1)
  3 ball pythons (D:1)
  A bat (D:1)
  2 frilled lizards (D:1)
  3 rats (D:1)
19 creatures vanquished.

Notes
Turn   | Place    | Note
-------+----------+-------------------------------------------
     0 | D:1      | qw the Ghoul Fire Elementalist began the quest for the Orb.
     0 | D:1      | Reached XP level 1. HP: 14/14 MP: 2/2
     0 | D:1      | 0 ||| qw: Version: 0.1-a-90-g952f4b7
     0 | D:1      | 0 ||| qw: Game counter: 3966
     0 | D:1      | 0 ||| qw: Always use a shield: true
     0 | D:1      | 0 ||| qw: God list: Okawaru
     0 | D:1      | 0 ||| qw: Allow faded altars: false
     0 | D:1      | 0 ||| qw: Do Orc after D:15 true
     0 | D:1      | 0 ||| qw: Do second Lair branch before Depths: true
     0 | D:1      | 0 ||| qw: Lair rune preference: random
     0 | D:1      | 0 ||| qw: Plans: Normal
     0 | D:1      | 0 ||| PLANNING D:1-11
   108 | D:1      | 108 ||| Stepping ~*~*~tactically~*~*~ (stealth).
   112 | D:1      | 112 ||| Stepping ~*~*~tactically~*~*~ (stealth).
   115 | D:1      | 115 ||| Stepping ~*~*~tactically~*~*~ (outnumbered).
   124 | D:1      | Reached skill level 1 in Unarmed Combat
   324 | D:1      | 324 ||| Stepping ~*~*~tactically~*~*~ (outnumbered).
   325 | D:1      | 325 ||| Stepping ~*~*~tactically~*~*~ (outnumbered).
   333 | D:1      | Reached XP level 2. HP: 20/22 MP: 3/3
   363 | D:1      | Found a faded altar of an unknown god.
   368 | D:1      | 368 ||| Stepping ~*~*~tactically~*~*~ (hiding).
   470 | D:1      | 470 ||| Stepping ~*~*~tactically~*~*~ (hiding).
   572 | D:1      | 572 ||| Stepping ~*~*~tactically~*~*~ (hiding).
   584 | D:1      | Reached skill level 1 in Fighting
   960 | D:1      | 960 ||| Stepping ~*~*~tactically~*~*~ (stealth).
   968 | D:1      | 968 ||| Stepping ~*~*~tactically~*~*~ (stealth).
   969 | D:1      | 969 ||| Stepping ~*~*~tactically~*~*~ (stealth).
   974 | D:1      | 974 ||| Stepping ~*~*~tactically~*~*~ (stealth).
   975 | D:1      | 975 ||| Stepping ~*~*~tactically~*~*~ (stealth).
  1488 | D:1      | 1488 ||| Stepping ~*~*~tactically~*~*~ (stealth).
  1489 | D:1      | 1489 ||| Stepping ~*~*~tactically~*~*~ (stealth).
  1490 | D:1      | 1490 ||| Stepping ~*~*~tactically~*~*~ (stealth).
  1494 | D:1      | 1494 ||| Stepping ~*~*~tactically~*~*~ (stealth).
  1498 | D:1      | 1498 ||| Stepping ~*~*~tactically~*~*~ (stealth).
  1504 | D:1      | 1504 ||| Stepping ~*~*~tactically~*~*~ (stealth).
  1507 | D:1      | 1507 ||| Stepping ~*~*~tactically~*~*~ (stealth).
  1508 | D:1      | 1508 ||| Stepping ~*~*~tactically~*~*~ (stealth).
  1509 | D:1      | 1509 ||| Stepping ~*~*~tactically~*~*~ (stealth).
  1513 | D:1      | 1513 ||| Stepping ~*~*~tactically~*~*~ (stealth).
  1515 | D:1      | 1515 ||| Stepping ~*~*~tactically~*~*~ (stealth).
  1516 | D:1      | 1516 ||| Stepping ~*~*~tactically~*~*~ (stealth).
  1610 | D:1      | 1610 ||| UPGRADING to ring of protection from cold.
  1611 | D:1      | 1611 ||| UPGRADING to ring of fire.
  1612 | D:1      | 1612 ||| READING scroll labelled PODIBUAFIY.
  1613 | D:1      | 1613 ||| DROPPING potion of magic.
  1646 | D:2      | Noticed Terence
  1647 | D:2      | 1647 ||| Stepping ~*~*~tactically~*~*~ (stealth).
  1654 | D:2      | HP: 4/23 [Terence/+0 falchion (10)]
  1655 | D:2      | Slain by Terence

Levels and vault maps discovered:
D:1:      shiori_arrival_elements, layout_basic, ebering_ecumenical_altar_webs
D:2:      layout_basic, uniq_terence, uniq_jessica

Skill      XL: |  1  2 |
---------------+-------+-----
Unarmed Combat | 1 2 |  2.1
Fighting       | 1 |  1.3
Dodging        | |  1.7
Stealth        | |  2.1
Spellcasting   | |  1.7
Conjurations   | |  0.7
Fire Magic     | |  2.4

Action                   || total
-------------------------++-------
Melee: Unarmed           ||    70
  Use: Scroll            ||     1
 Stab: Sleeping          ||     1
Armor: Robe              ||     9
Dodge: Dodged            ||    29

Table legend:
 A = Non-vault XP
 B = Vault XP
 C = Vault XP percentage of total XP
 D = Non-vault monster count
 E = Vault monster count
 F = Vault count percentage of total count
                 A         B        C        D         E       F
            +---------+---------+-------+---------+---------+-------
      Total |      31 |       0 |   0.0 |      19 |       0 |   0.0
            +---------+---------+-------+---------+---------+-------
        D:1 |      31 |       0 |   0.0 |      19 |       0 |   0.0
            +---------+---------+-------+---------+---------+-------
